 Dungeon Crawl Stone Soup version 0.32-a0-128-g77eb882913 (webtiles) character file.

Game seed: 119620783675362710

28 cforsyth the Magician (level 3, 0/29 HPs)
             Began as a Djinni Warper on Feb 7, 2024.
             Slain by a giant cockroach (2 damage)
             ... on level 2 of the Dungeon.
             The game lasted 00:00:58 (1075 turns).

cforsyth the Magician (Djinni Warper)               Turns: 1075, Time: 00:00:58

Health: 0/29       AC:  3    Str: 10    XL:     3   Next: 27%
Gold:   101        EV: 11    Int: 16    God:
                   SH:  0    Dex: 12

rFire   + + .        a - +0 falchion
rCold   x . .        (no shield)
rNeg    . . .        b - +0 leather armour
rPois   ∞            (no helmet)
rElec   .            (no cloak)
rCorr   .            (no gloves)
SInv    .            (boots unavailable)
Will    .....        (no amulet)
Stlth   +            (no ring)
HPRegen 0.24/turn    (no ring)
MPRegen 0.00/turn

%: infuse magic (-1 HP)
@: flying
A: sickness immunity, fire resistance 2, cold vulnerability 1, float, innate
caster, HP casting, extra vitality 1
a: no special abilities


You were on level 2 of the Dungeon.
You visited 1 branch of the dungeon, and saw 2 of its levels.

You collected 101 gold pieces.


Innate Abilities, Weirdness & Mutations

You are immune to sickness and miasma.
You are immune to poison.
Your flesh is very heat resistant. (rF++)
You are vulnerable to cold. (rC-)
You float through the air rather than walking.
You learn spells naturally, not from books.
Your magical power is your life essence.
You have superior vitality. (+4 MHP)


   Skills:
 + Level 2.8 Fighting
 - Level 1.7 Long Blades
 - Level 0.7 Throwing
 - Level 1.0 Armour
 - Level 2.1 Dodging
 + Level 3.3 Spellcasting
 + Level 3.3 Conjurations
 + Level 3.3 Hexes
 + Level 3.3 Summonings
 + Level 3.3 Necromancy
 + Level 3.3 Translocations
 + Level 3.3 Fire Magic
 + Level 3.3 Ice Magic
 + Level 3.3 Air Magic
 + Level 3.3 Earth Magic
 + Level 3.3 Alchemy


You knew the following spells:

 Your Spells              Type           Power      Damage    Failure   Level
l - Lesser Beckoning      Tloc           26%        N/A       10%         2
m - Manifold Assault      Tloc           13%        N/A       54%         4
t - Teleport Other        Tloc           13%        N/A       19%         3
B - Blink                 Tloc           26%        N/A       10%         2
X - Vhi's Electric Charg  Tloc/Air       26%        N/A       54%         4
Y - Necrotise             Necr           52%        1d6       6%          1
Your spell library was empty.

Inventory:

Hand Weapons
 a - a +0 falchion (weapon)
Missiles
 d - 7 darts of dispersal (quivered) {=f=f}
Armour
 b - a +0 leather armour (worn)
Scrolls
 c - a scroll of blinking
 e - a scroll of poison {unknown}
 f - a scroll of enchant armour {unknown}

Dungeon Overview and Level Annotations

Branches:
Dungeon (2/15)

Altars:

#.#.....##.##...#..........#.
#.#...####.#.....######.##.#.
#.#...# #.##...## #.##.#.
#.#...####.###†## #..<...
#..........# #.# ####.##
###.######## #.# ###.## #..#
##'## #..... #.## ##...##
#####.###. #.###
##@....###.....##.# #.#.##
##B......##.###.###.
######....####r........#.##......
...†.....g...'.........'.........
.#####....####.........#.##......
.# #.#.## ##.......##.###..... .#
#.### ##.....###.# #..... .# #.#
##...## #.. ...### .# #.# ##+##
#####.##


You could see a quokka and a giant cockroach.


Message History

The adder is almost dead.
The adder closely misses you.
You barely miss the adder.
The adder is almost dead.
The adder bites you.
* * * LOW HITPOINT WARNING * * *
The adder bites you.
* * * LOW HITPOINT WARNING * * *
You hit the adder.
You kill the adder!
The giant cockroach completely misses you.
You have reached level 3!
Your experience leads to an increase in your attributes!
Increase (S)trength, (I)ntelligence, or (D)exterity?
You feel clever. x2
The power to cast Necrotise wells up from within.
Spell assigned to 'Y'.
Cast which spell? (? or * to list)
You blink.
* * * LOW HITPOINT WARNING * * *
You reach down and open the door.
You feel ready to blink again.
The giant cockroach attacks as it pursues you!
The giant cockroach closely misses you.
There is an open door here.
The giant cockroach attacks as it pursues you!
The giant cockroach bites you.
* * * LOW HITPOINT WARNING * * *
The giant cockroach bites you.
You die...

Skill      XL: |  1 |
---------------+----+-----
Spellcasting   | 3 |  3.3
Conjurations   | 3 |  3.3
Hexes          | 3 |  3.3
Summonings     | 3 |  3.3
Necromancy     | 3 |  3.3
Translocations | 3 |  3.3
Fire Magic     | 3 |  3.3
Ice Magic      | 3 |  3.3
Air Magic      | 3 |  3.3
Earth Magic    | 3 |  3.3
Alchemy        | 3 |  3.3
Fighting       | |  2.8
Long Blades    | |  1.7
Throwing       | |  0.7
Armour         | |  1.0
Dodging        | |  2.1

Action                     || total
---------------------------++-------
  Melee: Falchion          ||    66
         Punch             ||     3
   Cast: Blink             ||     1
 Armour: Leather armour    ||    58
  Dodge: Dodged            ||    47

Levels and vault maps discovered:
D:1:      nagdon_arrival_double_spiral, layout_basic
D:2:      layout_loops_corners, basic_altar, hangedman_glass_teeth,
          kennysheep_minor_cross

Notes
Turn   | Place    | Note
-------+----------+-------------------------------------------
     0 | D:1      | cforsyth the Djinni Warper began the quest for the Orb.
     0 | D:1      | cforsyth set off with the following spells memorised:
                  | Blink, Lesser Beckoning, Teleport Other, Manifold Assault,
                  | Vhi's Electric Charge.
     0 | D:1      | Reached XP level 1. HP: 18/18 MP: 0/0
    67 | D:1      | Reached skill level 3 in Spellcasting
    67 | D:1      | Reached skill level 3 in Conjurations
    67 | D:1      | Reached skill level 3 in Hexes
    67 | D:1      | Reached skill level 3 in Summonings
    67 | D:1      | Reached skill level 3 in Necromancy
    67 | D:1      | Reached skill level 3 in Translocations
    67 | D:1      | Reached skill level 3 in Fire Magic
    67 | D:1      | Reached skill level 3 in Ice Magic
    67 | D:1      | Reached skill level 3 in Air Magic
    67 | D:1      | Reached skill level 3 in Earth Magic
    67 | D:1      | Reached skill level 3 in Alchemy
    96 | D:1      | Reached XP level 2. HP: 23/23 MP: 0/0
  1063 | D:2      | HP: 2/24 [adder (1)]
  1065 | D:2      | Reached XP level 3. HP: 3/29 MP: 0/0
  1065 | D:2      | Learned a level 1 spell: Necrotise
  1074 | D:2      | HP: 2/29 [giant cockroach (1)]
  1075 | D:2      | Slain by a giant cockroach

Vanquished Creatures
  An adder (D:2)
  An endoplasm (D:1)
  A goblin (D:1)
  2 hobgoblins (D:1)
  4 jackals (D:1)
  A quokka (D:1)
  A ball python (D:1)
  2 frilled lizards
  2 kobolds (D:1)
  4 rats
19 creatures vanquished.

Table legend: (Time is in decaauts)
 A = Elapsed time spent in this place.
 B = Non-inter-level travel time spent in this place.
 C = Inter-level travel time spent in this place.
 D = Time resting spent in this place.
 E = Time spent auto-exploring this place.
 F = Levels seen in this place.
 G = Mean time per level.
                   A        B        C        D        E       F      G
               +--------+--------+--------+--------+--------+-----+--------+
         Total |   1088 |   1063 |     25 |      0 |    896 |   2 |  544.0 |
       Dungeon |   1088 |   1063 |     25 |      0 |    896 |   2 |  544.0 |
               +--------+--------+--------+--------+--------+-----+--------+

Top non-repeatable levels by time:
     D:1: 952 daAuts
     D:2: 136 daAuts

Table legend:
 A = Non-vault XP
 B = Vault XP
 C = Vault XP percentage of total XP
 D = Non-vault monster count
 E = Vault monster count
 F = Vault count percentage of total count
                 A         B        C        D         E       F
            +---------+---------+-------+---------+---------+-------
      Total |      40 |       0 |   0.0 |      19 |       0 |   0.0
            +---------+---------+-------+---------+---------+-------
        D:1 |      25 |       0 |   0.0 |      16 |       0 |   0.0
        D:2 |      15 |       0 |   0.0 |       3 |       0 |   0.0
            +---------+---------+-------+---------+---------+-------
